 Dungeon Crawl Stone Soup version 0.29-a0-1047-g7c58e119a4 (webtiles) character file.

Game seed: 13830746621345477282

63946 zishaf the Impassioned (level 15, -15/86 HPs)
             Began as a Vine Stalker Brigand on Aug 16, 2022.
             Was a Follower of Uskayaw.
             Shot with a bolt by a yaktaur (22 damage)
             ... on level 13 of the Dungeon.
             The game lasted 00:37:09 (17849 turns).

zishaf the Impassioned (Vine Stalker Brigand)      Turns: 17849, Time: 00:37:09

Health: -15/86     AC: 11    Str: 14    XL:     15   Next: 11%
Magic:  0/37       EV: 17    Int: 11    God:    Uskayaw [*.....]
Gold:   1428       SH:  6    Dex: 23    Spells: 14/14 levels left

rFire   . . .      SeeInvis .   a - +7 quick blade (vamp)
rCold   + . .      Faith    +   H - +0 buckler
rNeg    . . .      Spirit   +   G - +0 steam dragon scales
rPois   .          Reflect  .   y - +1 helmet
rElec   .          Harm     .   c - +0 cloak
rCorr   .          Rampage  .   (no gloves)
Will    +....                   l - +2 pair of boots
Stlth   ++++......              x - amulet of faith
HPRegen 1.84/turn               p - ring of magical power
MPRegen 0.25/turn               f - +4 ring of evasion

@: no status effects
A: fangs 3, regeneration 2, magic shield, antimagic bite, no potion heal 2,
hooves 1, cold resistance 1, sense surroundings 1, evolution 1
a: Renounce Religion, Stomp


You were on level 13 of the Dungeon.
You worshipped Uskayaw.
Uskayaw was most pleased with you.
You visited 3 branches of the dungeon, and saw 19 of its levels.

You collected 1428 gold pieces.

Inventory:

Hand Weapons
 a - a +7 vampiric quick blade (weapon)
 B - a +2 short sword of speed
 P - a +5 dagger of freezing
Missiles
 d - 40 poisoned darts
 e - 3 curare-tipped darts
 o - 3 atropa-tipped darts
 q - 2 silver javelins
 L - a throwing net
 M - 4 boomerangs
 O - 3 javelins (quivered)
Armour
 c - a +0 cloak (worn)
 l - a +2 pair of boots (worn)
 y - a +1 helmet (worn)
 G - +0 steam dragon scales (worn)
 H - a +0 buckler (worn)
 I - a +2 scale mail of cold resistance
Jewellery
 f - a +4 ring of evasion (right hand)
 h - a ring of willpower
 p - a ring of magical power (left hand)
 t - an amulet of magic regeneration
 x - an amulet of faith (around neck)
 T - a ring of flight
 W - a ring of poison resistance
 Z - a ring of protection from cold
Wands
 b - a wand of digging (7)
 n - a wand of polymorph (5)
 K - a wand of quicksilver (5)
 N - a wand of roots (1)
 X - a wand of charming (21)
 Y - a wand of flame (6)
Scrolls
 i - a scroll of fear
 j - 2 scrolls of blinking
 E - 3 scrolls of magic mapping
 F - 7 scrolls of teleportation
 S - 2 scrolls of poison
 U - 8 scrolls of identify
Potions
 g - 2 potions of cancellation
 k - 2 potions of resistance
 m - 4 potions of curing
 r - 4 potions of flight
 s - 4 potions of haste
 u - 3 potions of magic
 v - 2 potions of invisibility
 w - 2 potions of brilliance
 z - 4 potions of mutation
 A - 2 potions of lignification
 C - 4 potions of berserk rage
 J - 3 potions of ambrosia
 Q - 5 potions of might
 R - a potion of attraction
Miscellaneous
 D - a box of beasts
 V - a phial of floods


   Skills:
 + Level 13.2 Fighting
 - Level 8.0 Short Blades
 - Level 4.0 Throwing
 + Level 2.3 Armour
 + Level 2.7 Dodging
 + Level 8.3 Stealth
 - Level 5.0 Shields
 + Level 17.3 Invocations
 + Level 5.0 Evocations


You had 14 spell levels left.
You didn't know any spells.
Your spell library contained the following spells:

 Spells                   Type           Power      Damage    Failure   Level
 Beastly Appendage        Tmut           0%         N/A       41%         1
 Freeze                   Ice            0%         1d3       41%         1
 Magic Dart               Conj           0%         1d3       41%         1
 Slow                     Hex            0%         N/A       41%         1
 Summon Small Mammal      Summ           0%         N/A       41%         1
 Call Imp                 Summ           0%         N/A       56%         2
 Wereblood                Tmut           0%         N/A       56%         2
 Confusing Touch          Hex            0%         N/A       80%         3
 Dazzling Flash           Conj/Hex       0%         N/A       80%         3
 Frozen Ramparts          Ice            0%         1d1       80%         3
 Gell's Gravitas          Tloc           0%         N/A       80%         3
 Mephitic Cloud           Conj/Pois/Air  0%         N/A       80%         3
 Portal Projectile        Hex/Tloc       0%         N/A       80%         3
 Spider Form              Tmut/Pois      0%         N/A       80%         3
 Teleport Other           Tloc           0%         N/A       80%         3
 Tukima's Dance           Hex            0%         N/A       80%         3
 Vampiric Draining        Necr           0%         2d6       80%         3
 Hailstorm                Conj/Ice       0%         3d3       99%         4
 Leda's Liquefaction      Hex/Erth       0%         N/A       99%         4
 Passage of Golubria      Tloc           0%         N/A       99%         4
 Sticky Flame             Conj/Fire      0%         2d3       99%         4
 Agony                    Necr           0%         N/A       100%        5
 Blade Hands              Tmut           0%         N/A       100%        5
 Lee's Rapid Deconstruct  Erth           0%         3d5*      100%        5
 Silence                  Hex/Air        0%         N/A       100%        5
 Yara's Violent Unravell  Hex/Tmut       0%         3d3       100%        5
 Dispersal                Tloc           0%         N/A       100%        6
 Statue Form              Tmut/Erth      0%         N/A       100%        6
 Disjunction              Tloc           0%         N/A       100%        8
 Ignition                 Fire           0%         3d3       100%        8


Dungeon Overview and Level Annotations

Branches:
Dungeon (13/15)            Temple (1/1) D:7            Lair (5/5) D:9
 Shoals (0/4) Lair:3        Snake (0/4) Lair:2        Slime (0/5) Lair:5
    Orc (0/2) D:9          Vaults (0/5) D:13

Altars:
Ashenzari
Cheibriados
Elyvilon
Fedhas
Gozag
Kikubaaqudgha
Makhleb
Nemelex Xobeh
Okawaru
Qazlal
Ru
Sif Muna
Trog
Uskayaw
Vehumet
Wu Jian
Xom
Yredelemnul
Zin
The Shining One
Jiyva
Lugonu

Portals:
Trove: D:12 (give horn of Geryon)

Annotations:
Lair:4 1 runed translucent door, Adrian566's ghost, journeyman DsFi


Innate Abilities, Weirdness & Mutations

You have razor-sharp teeth.
You heal very quickly.
When hurt, damage is shared between your health and your magic reserves.
Your bite disrupts and absorbs the magic of your enemies.
Potions cannot restore your health.
You have large cloven feet.
Your flesh is cold resistant. (rC+)
You passively map a small area around you.
You have hidden genetic potential.


Message History

Found a scroll of noise.
Found a stone staircase leading down.
You see here a scroll of noise.
Y - a wand of flame (6)
Found a stone staircase leading up.
A yaktaur comes into view.
Found a gate to the Vaults.
A yaktaur comes into view.
Found a scroll of acquirement.
A yaktaur captain comes into view.
The yaktaur shouts!
The yaktaur captain shouts!
The yaktaur captain wields a +2 vorpal arbalest.
The yaktaur captain shoots a bolt.
The bolt hits you!!!
The yaktaur wields a +2 arbalest of freezing.
It is covered in frost.
The yaktaur shoots a bolt.
You block the bolt.
The yaktaur shouts!
The yaktaur closely misses you.
The yaktaur captain shoots a bolt.
The bolt hits you!!!
* * * LOW HITPOINT WARNING * * *
The yaktaur unwields a +2 arbalest of freezing.
The yaktaur closely misses you.
You are too injured to fight recklessly!
Aiming: Charm
Press: ? - help, Shift-Dir - straight line, f - yaktaur captain
Aim: a yaktaur captain, wielding a +2 vorpal arbalest (chance to affect: 27%)
Okay, then.
Unknown command.
Okay, then.
As you read the scroll of fear, it crumbles to dust.
You assume a fearsome visage.
The yaktaur resists with almost no effort.
The yaktaur looks frightened!
The yaktaur captain looks frightened!
You block the yaktaur's attack.
The yaktaur wields a +0 arbalest.
The yaktaur shoots a bolt.
You block the bolt.
Cornered, the yaktaur captain turns to fight!
The yaktaur captain shoots a bolt.
The bolt hits you!!
* * * LOW HITPOINT WARNING * * *
x2 The yaktaur shoots a bolt.
The bolt hits you!!
You die...

*###......# ........#
, #.#....# ......# #
###....# * * ..
#c.....# ,.
..#.#......######...
#...c.....#..$.......
#.......@.#....#####
#.....?...#....#
#........c#....#
#......####....# ###
, * .....#........<#
#.# **
.###....#......# #.#
** ,, *#.>.##
#......# #.., *
.#######.## ###.####
#.#, , *.........####
#...# #.# *


You could see a yaktaur captain and 2 yaktaurs.

Vanquished Creatures
  Jorgrun (D:12)
  Frances (D:12)
  5 hydras
  2 boulder beetles
  Erolcha (D:12)
  A centaur warrior (D:13)
  A merfolk avatar (Lair:5)
  8 death yaks
  3 dancing weapons (D:11)
  3 skeletal warriors (D:13)
  3 harpies (Lair:5)
  Pikel (D:7)
  2 manticores
  7 black mambas
  13 elephants
  Joseph (Lair:1)
  A gargoyle (D:12)
  13 cane toads
  2 unseen horrors (D:11)
  A torpor snail (Lair:2)
  Psyche (D:12)
  17 komodo dragons
  A rime drake (Lair:3)
  A polar bear (Lair:1)
  A hornet (Lair:5)
  4 trolls
  7 blink frogs
  Prince Ribbit (D:8)
  A snapping turtle (Lair:5)
  19 slime creatures
  3 dream sheep
  2 vampires
  5 wyverns
  66 yaks
  6 humans (D:12)
  2 shadows (D:12)
  Grum (D:8)
  9 basilisks
  3 wraiths
  4 vampire mosquitoes (D:12)
  8 steam dragons
  2 acid dragons
  10 water moccasins
  2 orc warriors
  3 black bears
  2 ogres
  9 wolves
  A lemure (D:7)
  4 centaurs
  A kobold brigand (D:9)
  9 bullfrogs
  2 necrophages
  2 scorpions
  12 wights
  19 killer bees
  9 howler monkeys
  A crimson imp (D:5)
  4 hounds
  An orc priest (D:3)
  3 jellies
  2 gnoll boudas
  4 iguanas
  4 orc wizards
  13 hell rats
  9 adders
  13 gnolls
  2 white imps
  2 ufetubi
  3 worms
  3 dart slugs (D:1)
  25 orcs
  6 ball pythons
  10 endoplasms
  2 giant cockroaches
  6 goblins
  3 hobgoblins
  5 jackals
  18 kobolds
  4 quokkas
  2 bats (D:1)
  3 frilled lizards
  2 goblin zombies (D:5)
  3 hobgoblin zombies (D:5)
  A kobold skeleton (D:5)
  3 rats (D:1)
476 creatures vanquished.

Vanquished Creatures (others)
  An orc wizard (D:7)
  2 gnolls (D:10)
  2 orcs (D:7)
  16 fungi
  29 plants
50 creatures vanquished.

Grand Total: 526 creatures vanquished

Notes
Turn   | Place    | Note
-------+----------+-------------------------------------------
     0 | D:1      | zishaf the Vine Stalker Brigand began the quest for the
                  | Orb.
     0 | D:1      | Reached XP level 1. HP: 11/11 MP: 2/2
   130 | D:1      | Reached skill level 1 in Dodging
   130 | D:1      | Reached XP level 2. HP: 15/15 MP: 3/3
   157 | D:1      | Reached skill level 5 in Stealth
   541 | D:1      | Reached XP level 3. HP: 18/18 MP: 4/4
   696 | D:1      | Found a faded altar of an unknown god.
  1759 | D:3      | Gained mutation: Your natural rate of healing is unusually
                  | fast. [Vine Stalker growth]
  1759 | D:3      | Reached XP level 4. HP: 23/23 MP: 5/5
  1846 | D:3      | Reached XP level 5. HP: 25/27 MP: 4/6
  2062 | D:3      | Found a shimmering blue altar of Sif Muna.
  2229 | D:3      | Got the Meditations on Igneous Companions
  2805 | D:4      | Reached XP level 6. HP: 29/32 MP: 5/7
  3063 | D:4      | Noticed a black bear
  3089 | D:4      | Killed a black bear
  3487 | D:5      | Entered Level 5 of the Dungeon
  3536 | D:5      | Reached XP level 7. HP: 36/36 MP: 8/8
  3792 | D:5      | Found a glowing golden altar of the Shining One.
  4324 | D:6      | Gained mutation: You have razor-sharp teeth. [Vine Stalker
                  | growth]
  4324 | D:6      | Reached XP level 8. HP: 26/42 MP: 9/9
  4429 | D:6      | Reached skill level 5 in Fighting
  4461 | D:6      | Reached skill level 5 in Short Blades
  5196 | D:7      | Found a staircase to the Ecumenical Temple.
  5223 | Temple   | Entered the Ecumenical Temple
  5247 | Temple   | Became a worshipper of Uskayaw the Reveller
  5295 | D:7      | Reached * piety under Uskayaw
  5301 | D:7      | Reached ** piety under Uskayaw
  5303 | D:7      | Reached skill level 1 in Invocations
  5370 | D:7      | Reached skill level 1 in Shields
  5370 | D:7      | Reached XP level 9. HP: 49/49 MP: 11/11
  5374 | D:7      | Reached *** piety under Uskayaw
  5380 | D:7      | Identified the +5 spear of Doom {speed, +Blink rC+}
  5612 | D:7      | Reached skill level 2 in Invocations
  5613 | D:7      | Noticed Pikel
  5630 | D:7      | Reached **** piety under Uskayaw
  5638 | D:7      | Reached ***** piety under Uskayaw
  5639 | D:7      | Killed Pikel
  5640 | D:7      | Reached skill level 3 in Invocations
  5640 | D:7      | Reached skill level 1 in Evocations
  5649 | D:7      | Reached ****** piety under Uskayaw
  5764 | D:8      | Noticed Grum
  5817 | D:7      | Reached skill level 4 in Invocations
  5868 | D:8      | Killed Grum
  6153 | D:8      | Found a radiant altar of Vehumet.
  6234 | D:8      | Noticed Prince Ribbit
  6237 | D:8      | Killed Prince Ribbit
  6238 | D:8      | Reached skill level 5 in Invocations
  6351 | D:8      | Reached XP level 10. HP: 41/54 MP: 15/15
  7081 | D:9      | Reached skill level 6 in Invocations
  7337 | D:9      | Reached skill level 7 in Invocations
  7369 | D:9      | Found a white marble altar of Elyvilon.
  7371 | D:9      | Found a staircase to the Orcish Mines.
  7775 | D:9      | Found a stormy altar of Qazlal.
  7777 | D:9      | Found a broken altar of Ashenzari.
  7779 | D:9      | Found a glowing silver altar of Zin.
  8019 | D:9      | Reached skill level 5 in Shields
  8030 | D:9      | Reached XP level 11. HP: 5/60 MP: 8/17
  8110 | D:9      | Reached skill level 8 in Invocations
  8237 | D:9      | Identified the +7 great mace of Ogilairch {freeze, rN+}
  8277 | D:9      | Found a staircase to the Lair.
  8482 | D:10     | Entered Level 10 of the Dungeon
  9105 | D:10     | HP: 3/60 [troll (5)]
  9109 | D:10     | Reached skill level 9 in Invocations
  9280 | D:10     | Found an opulent altar of Gozag.
 10187 | D:11     | Found a runed translucent door.
 10192 | D:11     | Found a corrupted altar of Lugonu.
 10192 | D:11     | Noticed a +0 demon blade of pain
 10193 | D:11     | Noticed a +2 vampiric demon whip
 10193 | D:11     | Noticed a +1 demon trident of pain
 10223 | D:11     | Noticed a manticore
 10228 | D:11     | Killed a manticore
 10229 | D:11     | Reached skill level 10 in Invocations
 10398 | Lair:1   | Entered Level 1 of the Lair of Beasts
 10405 | Lair:1   | Noticed Joseph
 10412 | Lair:1   | Killed Joseph
 10540 | Lair:1   | Reached XP level 12. HP: 66/66 MP: 20/20
 10862 | Lair:1   | Reached skill level 11 in Invocations
 11552 | Lair:2   | Reached skill level 10 in Fighting
 11771 | Lair:2   | Reached skill level 12 in Invocations
 11820 | Lair:2   | Found a staircase to the Snake Pit.
 11894 | Lair:2   | Noticed a boulder beetle
 11910 | Lair:2   | Killed a boulder beetle
 11998 | Lair:2   | Noticed an eight-headed hydra
 11998 | Lair:2   | Noticed a death yak
 12029 | Lair:2   | Killed an eight-headed hydra
 12154 | Lair:2   | Killed a death yak
 12155 | Lair:2   | Reached skill level 13 in Invocations
 12277 | Lair:2   | Reached XP level 13. HP: 65/72 MP: 23/23
 12592 | Lair:3   | Found a staircase to the Shoals.
 12684 | Lair:3   | Identified a scroll of acquirement
 12684 | Lair:3   | Acquired a +5 quick blade
 12860 | Lair:3   | Reached skill level 14 in Invocations
 12946 | Lair:3   | Gained mutation: Your magical capacity is low. (-10% MP)
                  | [potion of mutation]
 12946 | Lair:3   | Gained mutation: You are partially covered in iridescent
                  | scales. (AC +2) [potion of mutation]
 12947 | Lair:3   | Lost mutation: You are partially covered in iridescent
                  | scales. (AC +2) [potion of mutation]
 12947 | Lair:3   | Lost mutation: Your magical capacity is low. (-10% MP)
                  | [potion of mutation]
 12947 | Lair:3   | Gained mutation: You are frail. (-10% HP) [potion of
                  | mutation]
 12948 | Lair:3   | Lost mutation: You are frail. (-10% HP) [potion of
                  | mutation]
 12948 | Lair:3   | Gained mutation: You heal very quickly. [potion of
                  | mutation]
 12948 | Lair:3   | Gained mutation: You have hidden genetic potential. [potion
                  | of mutation]
 12948 | Lair:3   | Gained mutation: Your flesh is cold resistant. (rC+)
                  | [potion of mutation]
 12948 | Lair:3   | Gained mutation: You passively map a small area around you.
                  | [potion of mutation]
 13888 | Lair:4   | Found a runed translucent door.
 13889 | Lair:4   | Found a shimmering altar of Xom.
 13889 | Lair:4   | Noticed Adrian566's ghost (journeyman DsFi)
 13890 | Lair:4   | Identified the +2 demon trident of Integrity {chaos, Will++
                  | rCorr Str-3}
 14260 | Lair:5   | Entered Level 5 of the Lair of Beasts
 14324 | Lair:5   | Reached skill level 15 in Invocations
 14525 | Lair:5   | Paralysed by a hornet for 2 turns
 14677 | Lair:5   | Reached XP level 14. HP: 80/80 MP: 26/26
 14903 | Lair:5   | Reached skill level 16 in Invocations
 15065 | Lair:5   | Gained mutation: You have large cloven feet. [hidden
                  | potential]
 15089 | Lair:5   | Identified the +6 trident "Zeecoah" {vorpal, *Slow Will+
                  | rCorr Str+4}
 15096 | Lair:5   | Identified the +3 arbalest of the Traitor {elec, rF++ rN+
                  | Int+4}
 15314 | Lair:5   | Found a runed translucent door.
 15314 | Lair:5   | Found a viscous altar of Jiyva.
 15315 | Lair:5   | Found a staircase to the Slime Pits.
 16141 | D:12     | Noticed Erolcha
 16148 | D:12     | Killed Erolcha
 16188 | D:12     | Found a portal to a secret trove of treasure.
 16593 | D:12     | Noticed Jorgrun
 16614 | D:12     | Killed Jorgrun
 16903 | D:12     | Noticed Psyche
 16919 | D:12     | Killed Psyche
 16934 | D:12     | Reached skill level 17 in Invocations
 17013 | D:12     | Noticed Frances
 17032 | D:12     | Killed Frances
 17224 | D:12     | Reached skill level 1 in Armour
 17527 | D:13     | Reached XP level 15. HP: 44/86 MP: 18/28
 17755 | D:13     | Reached skill level 5 in Evocations
 17840 | D:13     | Found a gate to the Vaults.
 17849 | D:13     | Shot with a bolt by a yaktaur

Illustrated notes

Levels and vault maps discovered:
D:1:      lightli_arrival_statue_moat, layout_basic, basic_ecumenical_altar,
          serial_corexii_hall, corexii_hall_statues_x,
          chequers_hall_statues_wall_a, chequers_hall_statues_y,
          chequers_hall_statues_wall_a, moated_statue
D:2:      layout_basic
D:3:      layout_loops_ring, nicolae_sif_muna_condensation,
          nicolae_figureground_sparkle
D:4:      layout_basic
D:5:      layout_basic, nicolae_tso_besieged_by_evil, minmay_increasing_density
D:6:      layout_basic
D:7:      layout_rooms, temple_pool_b, lemuel_flamethrower_2, uniq_pikel
D:8:      layout_layer_cave, nicolae_vehumet_radiance, uniq_prince_ribbit1,
          uniq_grum
D:9:      cheibrodos_steamvent, layout_basic, elyvilon_altar_5, minitemple,
          erik_lair_dragon, orc_0_dummy, chequers_serial_rivers_micro_e
D:10:     layout_cave_pools, nicolae_gozag_cash_rules_everything_around_me,
          minmay_starry_boxes
D:11:     layout_long_grid, nicolae_danse_macabre
D:12:     slaughterhouse, layout_loops_corners, nicolae_trove_entry_crystal,
          uniq_psyche, uniq_erolcha, uniq_frances, uniq_jorgrun
D:13:     layout_rooms, david_vaults_2
Temple:   eino_temple_lava
Lair:1:   layout_regular_city, uniq_joseph
Lair:2:   layout_gridlike, dummy_snake_entry, minmay_shattered_shrine
Lair:3:   layout_hall_layers, shoals_dummy_entry, grunt_megastairs_5
Lair:4:   layout_cave_pods, ebering_ghost_xom, infiniplex_staircase_pool_2,
          lemuel_fruit_fields
Lair:5:   gammafunk_lair_ancient_temple, layout_regular_city, slime_entry_2

Skill      XL: |  1  2  3  4  5  6  7  8  9 10 11 12 13 14 15 |
---------------+----------------------------------------------+-----
Dodging        | 1 2 |  2.7
Stealth        | 5 6 7 8 |  8.3
Fighting       | 2 3 4 6 7 8 9 10 12 13 | 13.2
Short Blades   | 2 3 4 6 8 |  8.0
Throwing       | 2 3 4 |  4.0
Invocations    | 1 5 7 10 13 15 17 | 17.3
Shields        | 1 3 5 |  5.0
Evocations     | 3 4 5 |  5.0
Armour         | 2 |  2.3

Action                   |  1- 3 |  4- 6 |  7- 9 | 10-12 | 13-15 || total
-------------------------+-------+-------+-------+-------+-------++-------
Melee: Dagger            |    13 |       |       |   303 |    30 ||   346
       Short sword       |    75 |   133 |   353 |   453 |       ||  1014
       Bite              |    16 |    38 |   117 |   302 |   387 ||   860
       Punch             |     3 |       |     2 |       |       ||     5
       Quick blade       |       |       |       |       |   829 ||   829
Throw: Dart              |       |     2 |       |     4 |     1 ||     7
       Javelin           |       |       |     2 |     1 |     3 ||     6
       Boomerang         |       |       |       |       |     8 ||     8
Invok: Grand Finale      |       |       |       |     2 |     6 ||     8
       Line Pass         |       |       |       |       |     3 ||     3
Evoke: Wand              |       |       |     1 |     5 |     3 ||     9
  Use: Scroll            |       |    15 |     4 |     9 |     7 ||    35
       Potion            |       |       |       |     2 |     6 ||     8
 Stab: Sleeping          |    19 |     8 |    11 |    16 |    15 ||    69
       Paralysed         |       |       |     9 |    43 |    63 ||   115
       Distracted        |       |       |       |     1 |     3 ||     4
       Confused          |       |       |       |       |     1 ||     1
Armor: Robe              |     5 |       |       |       |       ||     5
       Ring mail         |    13 |    25 |    44 |       |       ||    82
       Steam dragon scal |       |       |    40 |   160 |   113 ||   313
Dodge: Dodged            |    22 |    26 |   133 |   279 |   225 ||   685
Block: Buckler           |       |       |    32 |   175 |   121 ||   328

Table legend: (Time is in decaauts)
 A = Elapsed time spent in this place.
 B = Non-inter-level travel time spent in this place.
 C = Inter-level travel time spent in this place.
 D = Time resting spent in this place.
 E = Time spent auto-exploring this place.
 F = Levels seen in this place.
 G = Mean time per level.
                   A        B        C        D        E       F      G
               +--------+--------+--------+--------+--------+-----+--------+
         Total |  16821 |  15844 |    977 |    651 |  11591 |  19 |  885.3 |
       Dungeon |  11910 |  11217 |    693 |    545 |   8173 |  13 |  916.2 |
        Temple |     33 |     33 |      0 |      0 |     17 |   1 |   33.0 |
          Lair |   4877 |   4594 |    283 |    106 |   3401 |   5 |  975.4 |
               +--------+--------+--------+--------+--------+-----+--------+

Top non-repeatable levels by time:
     D:9: 1617 daAuts
    D:11: 1179 daAuts
    D:12: 1174 daAuts
  Lair:5: 1134 daAuts
  Lair:2: 1101 daAuts
     D:8: 1077 daAuts
  Lair:1: 1022 daAuts
     D:1: 983 daAuts
    D:10: 947 daAuts
     D:4: 874 daAuts
  Lair:4: 869 daAuts
     D:6: 862 daAuts
     D:3: 819 daAuts
  Lair:3: 750 daAuts
     D:2: 733 daAuts
